 Dungeon Crawl Stone Soup version 0.30-a0-571-gdf30a72648 (webtiles) character file.

Game seed: 4364572014933094291

266 Newt the Chucker (level 6, -5/44 HPs)
             Began as a Demonspawn Gladiator on Dec 29, 2022.
             Slain by an orc
             ... wielding a +4 hand axe
              (8 damage)
             ... on level 2 of the Dungeon.
             The game lasted 00:03:01 (1950 turns).

Newt the Chucker (Demonspawn Gladiator)             Turns: 1950, Time: 00:03:02

Health: -5/44      AC:  3    Str: 16      XL:     6   Next: 0%
Magic:  6/6        EV: 12    Int:  8 (9)  God:
Gold:   138        SH:  0    Dex: 15      Spells: 5/5 levels left

rFire   . . .      SeeInvis .    a - +0 rapier
rCold   + . .      Faith    .    (no shield)
rNeg    . . .      Spirit   .    b - +0 leather armour
rPois   .          Reflect  .    (helmet restricted)
rElec   .          Harm     .    (no cloak)
rCorr   .          Rampage  .    (no gloves)
Will    .....                    (no boots)
Stlth   ++                       (no amulet)
HPRegen 0.27/turn                o - ring of wizardry
MPRegen 0.10/turn                q - ring of protection from cold

@: about to teleport
A: horns 1, weakness stinger 1, demonic touch 2
a: no special abilities


You were on level 2 of the Dungeon.
You visited 1 branch of the dungeon, and saw 3 of its levels.

You collected 138 gold pieces.

Inventory:

Hand Weapons
 a - a +0 rapier (weapon)
Missiles
 d - 3 throwing nets
 e - a javelin
 l - 4 boomerangs (quivered)
 p - 5 poisoned darts
Armour
 b - a +0 leather armour (worn)
 c - a +0 helmet
Jewellery
 o - a ring of wizardry (left hand)
 q - a ring of protection from cold (right hand)
 v - a ring of wizardry
Wands
 x - a wand of acid (5)
Scrolls
 j - a scroll of teleportation
 k - a scroll of vulnerability {unknown}
 n - a scroll of poison {unknown}
 r - a scroll of torment {unknown}
 t - 2 scrolls of brand weapon {unknown}
Potions
 f - 3 potions of might
 g - a potion of brilliance
 h - a potion of degeneration
 i - a potion of haste {unknown}
 m - a potion of mutation {unknown}
 s - a potion of attraction {unknown}
 u - a potion of curing {unknown}
 w - 2 potions of resistance {unknown}


   Skills:
 - Level 2.0 Fighting
 - Level 2.6 Short Blades
 + Level 4.9 Throwing
 - Level 2.6 Dodging
 - Level 3.0 Stealth


You had 5 spell levels left.
You didn't know any spells.
Your spell library was empty.

Dungeon Overview and Level Annotations

Branches:
Dungeon (3/15)

Altars:


Innate Abilities, Weirdness & Mutations

You have a pair of small horns on your head.
You have a small tail.
Your touch may inflict irresistible damage on your foes.


Message History

Aim: an orc, wielding a +4 hand axe and wearing a +0 leather armour (moderately wounded, 62% to hit)
You throw a boomerang. The boomerang closely misses the orc.
The orc hits you with a +4 hand axe. The worm bites you!
Throw: 4 boomerangs
Press: ? - help, Q - select action, (/) - cycle Shift-Dir - straight line, f/p - orc
Aim: an orc, wielding a +4 hand axe and wearing a +0 leather armour (moderately wounded, 62% to hit)
You throw a boomerang. The boomerang barely misses the orc.
The orc hits you with a +4 hand axe.
* * * LOW HITPOINT WARNING * * *
Throw: 4 boomerangs
Press: ? - help, Q - select action, (/) - cycle Shift-Dir - straight line, f/p - orc
Aim: an orc, wielding a +4 hand axe and wearing a +0 leather armour (moderately wounded, 62% to hit)
You throw a boomerang. The boomerang hits the orc.
The orc is heavily wounded.
The orc barely misses you. The worm bites you.
* * * LOW HITPOINT WARNING * * *
The orc closely misses you.
Throw: 4 boomerangs
Press: ? - help, Q - select action, (/) - cycle Shift-Dir - straight line, f/p - orc
Aim: an orc, wielding a +4 hand axe and wearing a +0 leather armour (heavily wounded, 62% to hit)
You throw a boomerang. The boomerang closely misses the orc.
The worm bites you.
* * * LOW HITPOINT WARNING * * *
The orc barely misses you.
Throw: 4 boomerangs
Press: ? - help, Q - select action, (/) - cycle Shift-Dir - straight line, f/p - orc
Aim: an orc, wielding a +4 hand axe and wearing a +0 leather armour (heavily wounded, 62% to hit)
You throw a boomerang. The boomerang barely misses the orc.
The orc hits you with a +4 hand axe.
* * * LOW HITPOINT WARNING * * *
Throw: 4 boomerangs
Press: ? - help, Q - select action, (/) - cycle Shift-Dir - straight line, f/p - orc
Aim: an orc, wielding a +4 hand axe and wearing a +0 leather armour (heavily wounded, 62% to hit)
You throw a boomerang. The boomerang barely misses the orc.
The worm misses you. The orc barely misses you.
As you read the scroll of teleportation, it crumbles to dust.
You feel strangely unstable. The worm bites you.
* * * LOW HITPOINT WARNING * * *
The orc hits you with a +4 hand axe!
You die...

#.....................#
#.###################.#
#'##### #.......# #.#
......# #.#####.#####.#
......# #.#...........#
......# #.##.##.#######
......###.#.....#
......#...########
...............o@#
..........######w#
..........# #o#
.........## #r#
..........# #.#
..........# ####.#
.###....#.###....#
..##....#.#...####
#.##....#.#.###


You could see a worm, 2 orcs and a rat.

Vanquished Creatures
  Sigmund (D:2)
  Ijyb (D:2)
  4 adders (D:2)
  3 dart slugs
  An orc (D:2)
  2 ball pythons
  4 giant cockroaches (D:2)
  4 goblins (D:2)
  2 hobgoblins (D:2)
  4 jackals (D:1)
  4 kobolds
  A quokka (D:1)
  4 bats (D:2)
  A frilled lizard (D:1)
  5 rats (D:2)
41 creatures vanquished.

Notes
Turn   | Place    | Note
-------+----------+-------------------------------------------
     0 | D:1      | Newt the Demonspawn Gladiator began the quest for the Orb.
     0 | D:1      | Reached XP level 1. HP: 16/16 MP: 1/1
    14 | D:1      | Reached skill level 1 in Stealth
   307 | D:1      | Discovered your monstrous ancestry.
   307 | D:1      | Gained mutation: Your touch may inflict minor irresistible
                  | damage on your foes. [demonic ancestry]
   307 | D:1      | Reached XP level 2. HP: 22/22 MP: 2/2
   859 | D:2      | Reached XP level 3. HP: 27/27 MP: 3/3
   944 | D:2      | Reached skill level 2 in Throwing
  1060 | D:2      | Noticed Sigmund
  1079 | D:2      | Killed Sigmund
  1080 | D:2      | Reached skill level 4 in Throwing
  1080 | D:2      | Gained mutation: Your touch may inflict irresistible damage
                  | on your foes. [demonic ancestry]
  1080 | D:2      | Reached XP level 4. HP: 11/33 MP: 4/4
  1080 | D:2      | Gained mutation: You have a pair of small horns on your
                  | head. [demonic ancestry]
  1080 | D:2      | Reached XP level 5. HP: 12/38 MP: 5/5
  1200 | D:2      | Identified the +8 trident of Arbitration {pain, rElec rC++
                  | rN+ Dex+3}
  1791 | D:3      | Noticed Ijyb
  1800 | D:2      | Killed Ijyb
  1942 | D:2      | Gained mutation: You have a small tail. [demonic ancestry]
  1942 | D:2      | Reached XP level 6. HP: 33/44 MP: 6/6
  1950 | D:2      | Slain by an orc

Illustrated notes

Levels and vault maps discovered:
D:1:      giann_bridges, layout_rooms, chequers_mini_garden, st_stairs_4,
          hex_tiny, minmay_tetromino_l4
D:2:      layout_basic, minmay_fractal_squares_gapless_5, uniq_sigmund
D:3:      layout_rooms, uniq_grinder, uniq_ijyb, uniq_terence

Skill      XL: |  1  2  3 |
---------------+----------+-----
Stealth        | 1 2 3 |  3.0
Throwing       | 4 |  4.9
Fighting       | |  2.0
Short Blades   | |  2.6
Dodging        | |  2.6

Action                   |  1- 3 |  4- 6 || total
-------------------------+-------+-------++-------
Melee: Rapier            |    68 |    29 ||    97
       Touch             |     6 |     5 ||    11
       Headbutt          |       |     4 ||     4
Throw: Dart              |     5 |       ||     5
       Javelin           |     1 |       ||     1
       Throwing net      |     1 |       ||     1
       Boomerang         |       |    16 ||    16
  Use: Scroll            |     4 |     1 ||     5
       Potion            |     3 |       ||     3
 Stab: Sleeping          |     4 |       ||     4
       Invisible         |     1 |     1 ||     2
Armor: Leather armour    |    18 |    12 ||    30
Dodge: Dodged            |    59 |    29 ||    88

Table legend: (Time is in decaauts)
 A = Elapsed time spent in this place.
 B = Non-inter-level travel time spent in this place.
 C = Inter-level travel time spent in this place.
 D = Time resting spent in this place.
 E = Time spent auto-exploring this place.
 F = Levels seen in this place.
 G = Mean time per level.
                   A        B        C        D        E       F      G
               +--------+--------+--------+--------+--------+-----+--------+
         Total |   1972 |   1906 |     66 |    482 |   1128 |   3 |  657.3 |
       Dungeon |   1972 |   1906 |     66 |    482 |   1128 |   3 |  657.3 |
               +--------+--------+--------+--------+--------+-----+--------+

Top non-repeatable levels by time:
     D:2: 1308 daAuts
     D:1: 658 daAuts
     D:3: 5 daAuts
